 Dungeon Crawl Stone Soup version 0.30-a0-743-gbfdf073431 (webtiles) character file.

Game seed: 17391048842448280204

4 DEFE the Firebug (level 1, -6/15 HPs)
             Began as a Demonspawn Wanderer on Feb 7, 2023.
             Mangled by a gnoll
             ... wielding a +0 spear
              (7 damage)
             ... on level 1 of the Dungeon.
             The game lasted 00:00:11 (145 turns).

DEFE the Firebug (Demonspawn Wanderer)               Turns: 145, Time: 00:00:12

Health: -6/15      AC:  5    Str: 12    XL:     1   Next: 58%
Magic:  2/2        EV: 10    Int: 13    God:
Gold:   0          SH:  0    Dex: 12    Spells: 1/2 levels left

rFire   . . .      SeeInvis .    a - +0 club
rCold   . . .      Faith    .    (no shield)
rNeg    . . .      Spirit   .    b - +0 ring mail
rPois   .          Reflect  .    (no helmet)
rElec   .          Harm     .    (no cloak)
rCorr   .          Rampage  .    (no gloves)
Will    .....                    (no boots)
Stlth   +                        (no amulet)
HPRegen 0.22/turn                (no ring)
MPRegen 0.08/turn                (no ring)

@: flying
A: no striking features
a: no special abilities


You were on level 1 of the Dungeon.
You visited 1 branch of the dungeon, and saw 1 of its levels.

Inventory:

Hand Weapons
 a - a +0 club (weapon)
Armour
 b - a +0 ring mail (worn)
Scrolls
 c - a scroll of blinking
 e - a scroll of enchant weapon {unknown}
Potions
 d - 2 potions of curing


   Skills:
 + Level 1.1 Fighting
 + Level 1.8 Armour
 + Level 1.0 Unarmed Combat
 + Level 1.0 Spellcasting
 + Level 3.6 Fire Magic
 + Level 1.4 Invocations


You had one spell level left.
You knew the following spells:

 Your Spells              Type           Power      Damage    Failure   Level
a - Foxfire               Conj/Fire      20%        2x1d5     28%         1

Your spell library contained the following spells:

 Spells                   Type           Power      Damage    Failure   Level
 Ignite Poison            Fire/Tmut/Pois 3%         N/A       75%         3
 Sticky Flame             Conj/Fire      5%         2d3       96%         4


Dungeon Overview and Level Annotations

Branches:
Dungeon (1/15)

Altars:


Message History

A ball python is nearby!
The ball python bites you but does no damage.
The ball python misses you.
You closely miss the ball python. The ball python barely misses you.
The ball python grabs you. The ball python constricts you.
The ball python bites you. The ball python constricts you.
You take 3 damage, and have 12/15 hp.
You hit the ball python.
You kill the ball python!
Unknown command.
No target in view!
No target in view!
f - an amethyst potion Health restored: 15 A gnoll comes into view.
It is wielding a +0 spear.
The gnoll shouts!
You hear a shout!
A kobold comes into view. It is wielding a +0 whip.
A kobold comes into view. It is wielding a +0 dagger.
The gnoll hits you from afar with a +0 spear.
You take 5 damage, and have 10/15 hp.
MASSIVE DAMAGE!!
The kobold shouts!
It was a potion of flight.
You feel very buoyant.
You fly up into the air.
The gnoll hits you from afar with a +0 spear.
You take 5 damage, and have 6/15 hp.
MASSIVE DAMAGE!!
The gnoll hits you with a +0 spear.
* * * LOW HITPOINT WARNING * * *
You take 2 damage, and have 4/15 hp.
You hit the gnoll but do no damage. The gnoll closely misses you. x2
Unknown command.
You closely miss the gnoll. The gnoll hits you with a +0 spear.
* * * LOW HITPOINT WARNING * * *
You take 4 damage, and have 1/15 hp.
MASSIVE DAMAGE!!
You closely miss the gnoll. The gnoll hits you with a +0 spear!
You die...

.....##...###
#..
###.###.###
##. #.#...#
#. ##.#.###
#. ###....#
#. #....###
#. ####.##.#
#.
###...K##.#
#.
......Kg@.#
###.#####.# #
#.# ..# #.#
#.# ..# #.#


You could see a gnoll and 2 kobolds.

Vanquished Creatures
  A ball python (D:1)
  A hobgoblin (D:1)
  A quokka (D:1)
  A kobold (D:1)
4 creatures vanquished.

Notes
Turn   | Place    | Note
-------+----------+-------------------------------------------
     0 | D:1      | DEFE the Demonspawn Wanderer began the quest for the Orb.
     0 | D:1      | DEFE set off with the following items: a +0 club, a +0 ring
                  | mail, a scroll of blinking, a potion of curing; and the
                  | following spell memorised: Foxfire; and the following
                  | spells available to memorise: Ignite Poison, Sticky Flame.
     0 | D:1      | Reached XP level 1. HP: 15/15 MP: 2/2
   145 | D:1      | Mangled by a gnoll

Illustrated notes

Levels and vault maps discovered:
D:1:      amcnicky_arrival_underground_garden, layout_rooms,
          minmay_misc_feat_tiny, corexii_hall_statues_t, corexii_hall_statues_x

Action                     || total
---------------------------++-------
  Melee: Club              ||    22
    Use: Potion            ||     1
 Armour: Ring mail         ||     6
  Dodge: Dodged            ||    16

Table legend: (Time is in decaauts)
 A = Elapsed time spent in this place.
 B = Non-inter-level travel time spent in this place.
 C = Inter-level travel time spent in this place.
 D = Time resting spent in this place.
 E = Time spent auto-exploring this place.
 F = Levels seen in this place.
 G = Mean time per level.
                   A        B        C        D        E       F      G
               +--------+--------+--------+--------+--------+-----+--------+
         Total |    151 |    151 |      0 |     26 |     83 |   1 |  151.0 |
       Dungeon |    151 |    151 |      0 |     26 |     83 |   1 |  151.0 |
               +--------+--------+--------+--------+--------+-----+--------+

Top non-repeatable levels by time:
     D:1: 151 daAuts
